 Dungeon Crawl Stone Soup version 0.29.1-12-g30fa7ad0bf (webtiles) character file.

Game seed: 17071918487690449331

35 zeram the Shooter (level 3, 0/28 HPs)
             Began as a Palentonga Hunter on Dec 30, 2022.
             Slain by a goblin
             ... wielding a +0 dagger
             ... led by Robin
              (2 damage)
             ... on level 3 of the Dungeon.
             The game lasted 00:03:21 (1030 turns).

zeram the Shooter (Palentonga Hunter)               Turns: 1030, Time: 00:03:21

Health: 0/28       AC:  4    Str: 16    XL:     3   Next: 17%
Magic:  3/3        EV:  9    Int: 11    God:
Gold:   120        SH:  0    Dex: 13    Spells: 2/2 levels left

rFire   . . .      SeeInvis +   a - +0 shortbow
rCold   . . .      Faith    .   (shield currently unavailable)
rNeg    . . .      Spirit   .   c - +0 leather armour
rPois   .          Reflect  .   (no helmet)
rElec   .          Harm     .   (no cloak)
rCorr   .          Rampage  .   (no gloves)
Will    .....                   (no barding)
Stlth   +.........              (no amulet)
HPRegen 0.09/turn               (no ring)
MPRegen 0.08/turn               (no ring)

@: no status effects
A: large, rugged brown scales 3, see invisible, deformed body, roll 1, armoured
tail
a: Rolling Charge


You were on level 3 of the Dungeon.
You visited 1 branch of the dungeon, and saw 3 of its levels.

You collected 120 gold pieces.

Inventory:

Hand Weapons
 a - a +0 shortbow (weapon)
Missiles
 m - 2 throwing nets
Armour
 c - a +0 leather armour (worn)
Scrolls
 b - a scroll of immolation
 e - 2 scrolls of identify {unknown}
 f - a scroll of magic mapping {unknown}
 g - a scroll of poison {unknown}
 h - a scroll of enchant armour {unknown}
 k - 3 scrolls of teleportation {unknown}
Potions
 d - a potion of might {unknown}
 i - a potion of ambrosia {unknown}
 j - a potion of cancellation {unknown}
 l - a potion of heal wounds {unknown}


   Skills:
 - Level 2.0 Fighting
 + Level 4.2 Ranged Weapons
 + Level 0.1 Armour
 - Level 1.5 Dodging
 - Level 0.5 Stealth


You had 2 spell levels left.
You didn't know any spells.
Your spell library contained the following spells:

 Spells                   Type           Power      Damage    Failure   Level
 Freeze                   Ice            0%         1d3       41%         1


Dungeon Overview and Level Annotations

Branches:
Dungeon (3/15)

Altars:

Annotations:
D:3 1 transporter, Jingleheimer's ghost, amateur DsFi; Robin


Innate Abilities, Weirdness & Mutations

You are completely covered in rugged brown scales. (AC +3, +7% HP)
You have supernaturally acute eyesight. (SInv)
Armour fits poorly on your strangely shaped body.
You can roll at nearby foes to attack.
You have a long armoured tail.


Message History

Robin roars a battlecry!
A hobgoblin comes into view.
You shoot an arrow. The arrow barely misses the hobgoblin.
The hobgoblin shouts!
Robin throws the goblin at you!
You shoot an arrow. The arrow closely misses the goblin.
The goblin shouts!
You hear a shout! x2
A goblin comes into view. It is wielding a +0 dagger.
The goblin hits you with a +0 club.
Robin drinks a potion.
Robin seems to speed up.
A goblin comes into view. It is wielding a +0 dagger.
The goblin hits you with a +0 club.
You hear a shout!
There are monsters nearby!
You shoot an arrow. The goblin shouts!
The arrow hits the goblin.
The goblin is moderately wounded.
The goblin hits you with a +0 club.
You shoot an arrow. The arrow hits the goblin.
You kill the goblin!
You shoot an arrow. The arrow hits the hobgoblin.
The hobgoblin is severely wounded.
A hobgoblin comes into view.
The hobgoblin hits you but does no damage.
Unknown command.
You shoot an arrow. The arrow barely misses the hobgoblin.
Robin throws the goblin at you! The hobgoblin hits you.
* * * LOW HITPOINT WARNING * * *
A hobgoblin comes into view.
The goblin hits you but does no damage. x2
You are too injured to fight recklessly!
Unknown command.
You are too injured to fight recklessly!
The hobgoblin attacks as you move away! The hobgoblin hits you.
* * * LOW HITPOINT WARNING * * *
The goblin closely misses you.
Unknown command.
The goblin hits you with a +0 dagger.
You die...

..#. ..#© .#.. .
#.. #+# ..#...
#.#
.Z#...######.##
#....g.g....#
#...)g.g@...##
..(....###.....#
.......
#....####
.......
#.......#
######.
###<.##.... #g
#..# ### #. #..#
#g ...# #.##


You could see Robin (fast), a hobgoblin (strong) and 2 goblins.

Vanquished Creatures
  An adder (D:2)
  A worm (D:2)
  A dart slug (D:1)
  A ball python (D:1)
  2 bats
  An endoplasm (D:1)
  A giant cockroach (D:1)
  2 goblins
  A hobgoblin (D:1)
  5 kobolds
  2 frilled lizards (D:1)
  4 rats
22 creatures vanquished.

Notes
Turn   | Place    | Note
-------+----------+-------------------------------------------
     0 | D:1      | zeram the Palentonga Hunter began the quest for the Orb.
     0 | D:1      | Reached XP level 1. HP: 17/17 MP: 1/1
   313 | D:1      | Reached XP level 2. HP: 23/23 MP: 2/2
   706 | D:2      | Reached skill level 4 in Ranged Weapons
   791 | D:2      | Reached XP level 3. HP: 28/28 MP: 3/3
   836 | D:2      | Identified the +4 dagger of Anin {vorpal, rF+ Will+ rCorr
                  | Dex+4}
   873 | D:2      | Found a faded altar of an unknown god.
   876 | D:2      | Got Plato's Textbook on the Winter
  1019 | D:3      | Noticed Jingleheimer's ghost (amateur DsFi)
  1020 | D:3      | Found a transporter.
  1020 | D:3      | Noticed Robin
  1030 | D:3      | Slain by a goblin

Illustrated notes

Levels and vault maps discovered:
D:1:      lightli_arrival_statue_moat, layout_loops_cross
D:2:      layout_rooms, shapermc_ecumenical_altar_rom_forum
D:3:      layout_loops_corners, nicolae_tso_carved_into_rock,
          gammafunk_ghost_mausoleum, uniq_jessica, uniq_natasha, uniq_terence,
          uniq_robin

Skill      XL: |  1  2 |
---------------+-------+-----
Ranged Weapons | 4 |  4.2
Fighting       | |  2.0
Armour         | |  0.1
Dodging        | |  1.5
Stealth        | |  0.5

Action                   || total
-------------------------++-------
 Fire: Shortbow          ||    62
  Use: Scroll            ||     1
Armor: Leather armour    ||     8
Dodge: Dodged            ||     9
